 Dungeon Crawl Stone Soup version 0.28.0 (webtiles) character file.

Game seed: 18430657109281453551

43 Sanktem7 the Covered (level 3, -1/33 HPs)
             Began as a Minotaur Fighter on Feb 12, 2022.
             Succumbed to a goblin's poison
             ... on level 2 of the Dungeon.
             The game lasted 00:01:19 (1287 turns).

Sanktem7 the Covered (Minotaur Fighter)             Turns: 1287, Time: 00:01:20

Health: -1/33      AC:  8    Str: 22    XL:     3   Next: 37%
Magic:  2/2        EV:  9    Int:  5    God:
Gold:   69         SH:  4    Dex:  9    Spells: 2/2 levels left

rFire   . . .      SeeInvis .   a - +0 war axe
rCold   . . .      Faith    .   c - +0 buckler
rNeg    . . .      Spirit   .   b - +0 scale mail
rPois   .          Reflect  .   (helmet restricted)
rElec   .          Harm     .   (no cloak)
rCorr   .          Rampage  .   f - +0 pair of gloves
Will    .....                   (no boots)
Stlth   ..........              (no amulet)
HPRegen 0.11/turn               (no ring)
MPRegen 0.08/turn               (no ring)

@: lethally poisoned (-1 -> -7)
A: horns 2, retaliatory headbutt
a: no special abilities


You were on level 2 of the Dungeon.
You visited 1 branch of the dungeon, and saw 2 of its levels.

You collected 69 gold pieces.

Inventory:

Hand Weapons
 a - a +0 war axe (weapon)
Armour
 b - a +0 scale mail (worn)
 c - a +0 buckler (worn)
 f - a +0 pair of gloves (worn)
Scrolls
 e - a scroll of enchant weapon {unknown}
 g - a scroll of fog {unknown}
 h - a scroll of fear {unknown}
 i - a scroll of blinking {unknown}
 j - a scroll of holy word {unknown}
Potions
 d - a potion of might
 k - a potion of attraction {unknown}


   Skills:
 * Level 4.2 Fighting
 * Level 3.2 Axes
 * Level 4.5 Armour
 - Level 3.6 Shields


You had 2 spell levels left.
You didn't know any spells.
Your spell library was empty.

Dungeon Overview and Level Annotations

Branches:
Dungeon (2/15)

Altars:

Annotations:
D:2 Robin


Innate Abilities, Weirdness & Mutations

You have a pair of horns on your head.
You reflexively headbutt those who attack you in melee.


Message History

A hobgoblin comes into view.
A goblin comes into view. It is wielding a +2 dagger of speed.
You block the goblin's attack.
You closely miss the goblin. Your headbutt misses the goblin.
You barely miss the goblin. The goblin barely misses you.
The goblin hits you with a +2 dagger of venom.
You are poisoned.
You closely miss the hobgoblin. You closely miss the goblin.
You barely miss the goblin.
You feel sick. The hobgoblin hits you. The goblin hits you but does no damage.
The goblin hits you with a +2 dagger of venom.
You barely miss the hobgoblin. You barely miss the goblin. You miss the goblin.
You feel sick. The hobgoblin barely misses you. You furiously retaliate!
You headbutt the hobgoblin!
You kill the hobgoblin!
The goblin unwields a +0 dagger.
The goblin wields a +0 hunting sling.
The goblin shoots a stone.
You block the stone. The goblin closely misses you.
The goblin hits you but does no damage. The goblin barely misses you.
The goblin shoots a stone.
The stone hits you.
You feel sick.
You feel sick.
You feel sick.
You are no longer poisoned.
You completely miss the goblin. You block the goblin's attack.
The goblin hits you with a +2 dagger of venom.
* * * LOW HITPOINT WARNING * * *
You are lethally poisoned!
You barely miss the goblin. You headbutt the goblin.
You kill the goblin!
* * * LOW HITPOINT WARNING * * *
You feel very sick.
You barely miss the goblin.
* * * LOW HITPOINT WARNING * * *
You feel very sick.
The goblin no longer looks unusually strong.
The goblin barely misses you. You furiously retaliate!
You headbutt the goblin.
You kill the goblin!
The goblin shoots a stone.
The stone closely misses you.
The goblin shoots a stone.
The stone hits you but does no damage.
You die...

#.######.#.###(..##.#
#.......###...).....#
#.######.#.#####.####
##.## #.# #.# #.# #.#
#.# #.# #.# #
##.####g######....
.......gg@......#
......gg#######.#
######g## #>


gg #gg ... .... .... You could see Robin and 5 goblins.

Vanquished Creatures
  A gnoll (D:1)
  2 dart slugs (D:1)
  4 endoplasms (D:1)
  A giant cockroach (D:1)
  6 goblins
  3 hobgoblins
  A quokka (D:2)
  A ball python (D:1)
  2 bats
  A frilled lizard (D:1)
  2 kobolds
  A rat (D:1)
25 creatures vanquished.

Notes
Turn   | Place    | Note
-------+----------+-------------------------------------------
     0 | D:1      | Sanktem7 the Minotaur Fighter began the quest for the Orb.
     0 | D:1      | Reached XP level 1. HP: 19/19 MP: 0/0
   365 | D:1      | Reached XP level 2. HP: 6/27 MP: 1/1
   765 | D:1      | Reached XP level 3. HP: 32/33 MP: 2/2
  1274 | D:2      | Noticed Robin
  1286 | D:2      | HP: 1/33 [poisoned by a goblin]
  1287 | D:2      | Succumbed to a goblin's poison

Illustrated notes

Levels and vault maps discovered:
D:1:      saegor_arrival_under_anarchy, layout_basic, minmay_pentomino_q2
D:2:      layout_loops_ring, basic_altar, uniq_robin

Skill      XL: |  1  2 |
---------------+-------+-----
Fighting       | 4 |  4.2
Armour         | 4 |  4.5
Axes           | 3 |  3.2
Shields        | |  3.6

Action                   || total
-------------------------++-------
Melee: War axe           ||    46
       Headbutt          ||     8
 Stab: Distracted        ||     1
Armor: Scale mail        ||    21
Dodge: Dodged            ||    27
Block: Buckler           ||     7
